 Dungeon Crawl Stone Soup version 0.32-a0-12-g7fc57aa741 (webtiles) character file.

Game seed: 11273129481211323899

1326 dialectric the Ducker (level 8, 0/73 (80) HPs)
             Began as a Troll Shapeshifter on Jan 14, 2024.
             Was a High Priest of Cheibriados.
             Slain by a wight
             ... wielding a +0 falchion
              (9 damage)
             ... on level 5 of the Dungeon.
             The game lasted 00:04:20 (3760 turns).

dialectric the Ducker (Troll Shapeshifter)          Turns: 3760, Time: 00:04:20

HP:   0/73 (80)     AC:  4    Str: 36    XL:     8   Next: 34%
MP:   16/16         EV: 13    Int: 17    God:    Cheibriados [*****.]
Gold: 214           SH:  0    Dex: 20    Spells: 7/7 levels left

rFire   . .          .
                       - Unarmed
rCold   . . .        (no shield)
rNeg    . . .        a - +0 animal skin
rPois   .            (helmet currently unavailable)
rElec   .            (cloak currently unavailable)
rCorr   .            (gloves unavailable)
SInv    .            (boots unavailable)
Will    .....        (no amulet)
Stlth   ++           y - ring of magical power
HPRegen 1.12/turn    (no ring)
MPRegen 0.15/turn

%: no passive effects
@: beast-form, drained, very slow
A: beast (slay +2), large, unfitting armour, claws 3, regeneration 1, shaggy fur
1, tough skin 1
a: Begin Untransformation, Renounce Religion, Bend Time, Temporal Distortion,
Slouch, Step From Time


You were on level 5 of the Dungeon.
You worshipped Cheibriados.
Cheibriados was extremely pleased with you.
You were a hulking beast.
You visited 1 branch of the dungeon, and saw 6 of its levels.

You collected 286 gold pieces.
You spent 72 gold pieces at shops.

Inventory:

Hand Weapons
 A - a +0 trident of venom
Armour
 a - a +0 animal skin (worn)
Jewellery
 w - a ring of wizardry
 y - a ring of magical power (left claw)
Talismans
 c - a beast talisman
 d - a flux talisman
 q - a beast talisman
 s - a serpent talisman
Wands
 t - a wand of flame (50)
 z - a wand of charming (10)
Scrolls
 e - 2 scrolls of noise {unknown}
 f - 3 scrolls of identify
 h - 2 scrolls of fog {unknown}
 i - a scroll of enchant weapon {unknown}
 j - 2 scrolls of fear {unknown}
 k - 3 scrolls of blinking {unknown}
 l - 2 scrolls of enchant armour {unknown}
 m - a scroll of teleportation {unknown}
 n - 2 scrolls of revelation {unknown}
 r - a scroll of brand weapon {unknown}
 u - a scroll of amnesia {unknown}
 v - 2 scrolls of immolation
 x - a scroll of poison {unknown}
Potions
 b - a potion of lignification
 g - 2 potions of heal wounds
 o - 2 potions of brilliance
 p - 6 potions of curing


   Skills:
 + Level 5.1 Fighting
 + Level 0.1 Polearms
 * Level 5.6 Dodging
 - Level 3.1 Unarmed Combat
 + Level 5.1 Shapeshifting


You had 7 spell levels left.
You didn't know any spells.
Your spell library contained the following spells:

 Spells                   Type           Power      Damage    Failure   Level
 Sublimation of Blood     Necr           0%         N/A       34%         2
 Cause Fear               Hex            0%         N/A       93%         4
 Petrify                  Alch/Erth      0%         N/A       93%         4
 Fireball                 Conj/Fire      0%         3d3       100%        5
 Irradiate                Conj/Alch      0%         3d11      100%        5
 Dragon's Call            Summ           0%         N/A       100%        9


Dungeon Overview and Level Annotations

Branches:
Dungeon (6/15)             Temple (0/1) D:4

Altars:
Cheibriados
Hepliaklqana
Ru
Wu Jian

Shops:
D:2 !

Annotations:
D:5 1 runed translucent door, Eugor's ghost, amateur DECj


Innate Abilities, Weirdness & Mutations

You are a hulking beast.
Your limbs bulge with bestial killing power. (Slay +2)
You are too large for most types of armour.
You have claws for hands.
Your natural rate of healing is unusually fast.
You are covered in fur. (AC +1)
You have tough skin. (AC +1)


Message History

No reachable target in view!
Eugor's ghost threatens, "Do not fail me, O fires of Iskenderun!"
What level of the Dungeon? (default 11, ? - help)
The wyvern hisses angrily.
There is a stone staircase leading down here.
You climb downwards.
Found a scroll of identify and a war axe.
Found an escape hatch in the floor.
Found a stone staircase leading up.
There is a stone staircase leading up here.
A jelly is nearby!
Unknown command.
A jelly is nearby!
A jelly is nearby! 2 wights come into view.
The jelly closely misses you.
You mangle the jelly!!
You kill the jelly!
Cheibriados appreciates the change of pace.
Found a book of Touch.
The wight hits you with a +3 battleaxe!
You feel drained.
You barely miss the wight. The wight hits you with a +3 battleaxe!
The wight hits you with a +0 falchion!
You feel drained.
You are too injured to fight recklessly!
You are too injured to fight recklessly!
The wight attacks as it pursues you! The wight misses you.
The wight barely misses you. The wight closely misses you.
The wight hits you with a +0 falchion!
You feel drained.
There is a stone staircase leading up, spattered with blood here.
The wight barely misses you. The wight hits you with a +0 falchion.
You climb upwards.
Level annotation: 1 runed translucent door, Eugor's ghost, amateur DECj
There is a stone staircase leading down here.
Unknown command.
You barely miss the wight.
The wight hits you with a +3 battleaxe!!
* * * LOW HITPOINT WARNING * * *
You claw the wight!
The wight is severely damaged.
The wight hits you with a +0 falchion!
You die...

#
#####################
#..zhz.............#.
#.################.#.
#.# ##.#. ####.####
#####.#..
##########.).....#
#....###.
............#.##.#
#.###.#.#
######........##.##
#.# ##.##
#...<........# #.#
#.#
######........##..#
#.# #.#


You could see 2 wights.

Vanquished Creatures
  An ice beast (D:3)
  A black bear (D:5)
  An ogre (D:5)
  2 centaurs (D:5)
  2 phantoms
  A bombardier beetle (D:3)
  4 hounds
  2 jellies
  An orc priest (D:4)
  A gnoll bouda (D:4)
  4 iguanas
  2 sleepcaps
  Jessica (D:3)
  An orc wizard (D:5)
  Robin (D:2)
  8 adders
  5 gnolls (D:4)
  A shadow imp (D:5)
  A white imp (D:5)
  2 dart slugs
  3 ribbon worms
  10 orcs
  6 ball pythons
  9 bats
  9 endoplasms
  A giant cockroach (D:1)
  14 goblins
  10 hobgoblins
  4 jackals (D:4)
  3 quokkas
  5 frilled lizards
  10 kobolds
  8 rats
134 creatures vanquished.

Notes
Turn   | Place    | Note
-------+----------+-------------------------------------------
     0 | D:1      | dialectric the Troll Shapeshifter began the quest for the
                  | Orb.
     0 | D:1      | Reached XP level 1. HP: 18/18 MP: 0/0
   127 | D:1      | Reached skill level 1 in Fighting
   150 | D:1      | Reached XP level 2. HP: 27/27 MP: 1/1
   633 | D:2      | Reached XP level 3. HP: 30/33 MP: 2/2
   758 | D:2      | Found a faded altar of an unknown god.
   768 | D:2      | Prayed at the altar of an unknown god.
   768 | D:2      | Became a worshipper of Cheibriados the Contemplative
   768 | D:2      | Reached * piety under Cheibriados
   969 | D:2      | Noticed Robin
   985 | D:1      | Reached ** piety under Cheibriados
  1010 | D:2      | Killed Robin
  1269 | D:2      | Found Axtuta's Distillery.
  1274 | D:2      | Bought a potion of curing for 36 gold pieces
  1274 | D:2      | Bought a potion of curing for 36 gold pieces
  1305 | D:2      | Reached XP level 4. HP: 38/41 MP: 3/3
  1596 | D:3      | Noticed an ice beast
  1600 | D:3      | Killed an ice beast
  1601 | D:3      | Reached XP level 5. HP: 50/50 MP: 4/4
  1687 | D:3      | Noticed Jessica
  1692 | D:3      | Killed Jessica
  1827 | D:3      | Reached *** piety under Cheibriados
  2048 | D:4      | Found a staircase to the Ecumenical Temple.
  2056 | D:4      | Reached XP level 6. HP: 51/59 MP: 5/5
  2333 | D:4      | Reached **** piety under Cheibriados
  2492 | D:4      | Reached XP level 7. HP: 63/68 MP: 6/6
  2553 | D:4      | Found an ornate altar of the Wu Jian Council.
  2604 | D:4      | Found a hazy altar of Hepliaklqana.
  2604 | D:4      | Found a sacrificial altar of Ru.
  2790 | D:5      | Entered Level 5 of the Dungeon
  3008 | D:5      | Found a runed translucent door.
  3009 | D:5      | Noticed Eugor's ghost (amateur DECj)
  3009 | D:5      | Noticed a wyvern
  3036 | D:5      | Reached skill level 5 in Dodging
  3079 | D:5      | Reached XP level 8. HP: 70/79 MP: 7/7
  3232 | D:5      | Reached skill level 5 in Shapeshifting
  3532 | D:5      | Reached skill level 5 in Fighting
  3535 | D:5      | Reached ***** piety under Cheibriados
  3760 | D:5      | Slain by a wight

Illustrated notes

Levels and vault maps discovered:
D:1:      saegor_arrival_simple_b, layout_loops_ring, kennysheep_another_room,
          lexackson_kobold_supper
D:2:      layout_basic, hellmonk_ecumenical_altar_run_dry, serial_shops, shop,
          uniq_robin
D:3:      layout_rooms, minmay_increasing_density, uniq_jessica
D:4:      layout_loops_ring, nzn_wu_jian_contemplation,
          gammafunk_temple_overflow_wave, minmay_temple_entry_statues_pillars
D:5:      layout_loops_ring, ebering_ghost_inner_flame, minivault_14,
          saegor_snake_ambush
D:6:      layout_cave_pools, gammafunk_ghost_icy, hangedman_decor_lopped

Skill      XL: |  1  2  3  4  5  6  7  8 |
---------------+-------------------------+-----
Fighting       | 1 2 3 4 5 |  5.1
Dodging        | 2 3 4 5 |  5.6
Shapeshifting  | 4 5 |  5.1
Polearms       | |  0.1
Unarmed Combat | |  3.1

Action                     |  1- 3 |  4- 6 |  7- 9 || total
---------------------------+-------+-------+-------++-------
  Melee: Unarmed           |   101 |   107 |    82 ||   290
         Punch             |     4 |     1 |     3 ||     8
    Use: Scroll            |       |     3 |       ||     3
         Potion            |       |     1 |       ||     1
   Stab: Sleeping          |     1 |     1 |     3 ||     5
         Invisible         |       |     5 |       ||     5
 Armour: Animal skin       |    70 |    64 |    68 ||   202
  Dodge: Dodged            |    49 |    67 |    60 ||   176

Table legend: (Time is in decaauts)
 A = Elapsed time spent in this place.
 B = Non-inter-level travel time spent in this place.
 C = Inter-level travel time spent in this place.
 D = Time resting spent in this place.
 E = Time spent auto-exploring this place.
 F = Levels seen in this place.
 G = Mean time per level.
                   A        B        C        D        E       F      G
               +--------+--------+--------+--------+--------+-----+--------+
         Total |   5326 |   5120 |    206 |      0 |   4156 |   6 |  887.7 |
       Dungeon |   5326 |   5120 |    206 |      0 |   4156 |   6 |  887.7 |
               +--------+--------+--------+--------+--------+-----+--------+

Top non-repeatable levels by time:
     D:5: 1592 daAuts
     D:4: 1122 daAuts
     D:2: 1075 daAuts
     D:3: 911 daAuts
     D:1: 611 daAuts
     D:6: 12 daAuts
